 Dungeon Crawl Stone Soup version 0.26.1-11-gd32895ea62 (webtiles) character file.

Game seed: 9759528449450753101

3019 Zeld the Geomancer (level 9, -7/45 HPs)
             Began as a Gargoyle Earth Elementalist on June 6, 2021.
             Was a Follower of Sif Muna.
             Splashed by a lich's acid (8 damage)
             ... on level 1 of the Abyss.
             The game lasted 00:10:46 (10942 turns).

Zeld the Geomancer (Gargoyle Earth Elementalist)   Turns: 10942, Time: 00:10:46

Health: -7/45      AC: 12    Str: 13    XL:     9   Next: 85%
Magic:  18/18      EV: 14    Int: 18    God:    Sif Muna [*.....]
Gold:   456        SH:  0    Dex: 10    Spells: 5/20 levels left

rFire    . . .     SeeInvis .   (no weapon)
rCold    . . .     Faith    .   (no shield)
rNeg     + . .     Spirit   .   c - +0 robe
rPois    ∞         Reflect  .   i - +2 helmet
rElec    +         Harm     .   (no cloak)
rCorr    .         Rampage  .   (no gloves)
Will     .....                  t - +0 pair of boots
Stlth    ++........             (no amulet)
HPRegen  0.15/turn              (no ring)
MPRegen  0.16/turn              (no ring)

@: no status effects
A: negative energy resistance 1, electricity resistance, unbreathing,
petrification resistance, miasma immunity, AC +6
a: Renounce Religion, Channel Magic


You were on level 1 of the Abyss.
You worshipped Sif Muna.
Sif Muna was aware of your devotion.
You visited 2 branches of the dungeon, and saw 8 of its levels.
You visited the Abyss 1 time.

You collected 456 gold pieces.

Inventory:

Missiles
 b - 35 stones (quivered)
Armour
 c - a +0 robe (worn)
 i - a +2 helmet (worn)
 t - a +0 pair of boots (worn)
Magical Staves
 y - an uncursed staff of conjuration {unknown}
Wands
 o - a wand of flame (49)
Scrolls
 e - 5 scrolls of identify {unknown}
 f - 2 scrolls of immolation {unknown}
 h - 7 scrolls of remove curse
 j - 3 scrolls of blinking {unknown}
 k - 2 scrolls of fear {unknown}
 n - 4 scrolls of teleportation
 r - 2 scrolls of amnesia {unknown}
 u - a scroll of enchant armour {unknown}
 w - 2 scrolls of magic mapping {unknown}
 x - a scroll of silence {unknown}
Potions
 a - a potion of heal wounds {unknown}
 d - a potion of resistance {unknown}
 g - 2 potions of flight {unknown}
 l - 3 potions of might {unknown}
 m - a potion of degeneration {unknown}
 p - a potion of lignification {unknown}
 q - 2 potions of curing {unknown}
 s - 2 potions of attraction {unknown}
 v - a potion of invisibility {unknown}


   Skills:
 + Level 5.8 Dodging
 - Level 2.1 Stealth
 + Level 6.4 Spellcasting
 - Level 0.7 Transmutations
 * Level 11.6 Earth Magic


You had 5 spell levels left.
You knew the following spells:

 Your Spells              Type           Power        Failure   Level
a - Sandblast             Erth           94%          1%          1
b - Passwall              Tmut/Erth      23%          1%          2
c - Stone Arrow           Conj/Erth      52%          3%          3
d - Petrify               Tmut/Erth      28%          9%          4
e - Lee's Rapid Deconstr  Erth           23%          2%          5

Your spell library contained the following spells:

 Spells                   Type           Power        Failure   Level


Dungeon Overview and Level Annotations

Branches:
Dungeon (7/15)             Temple (1/1) D:4

Altars:
Ashenzari
Cheibriados
Dithmenos
Elyvilon
Fedhas
Gozag
Hepliaklqana
Kikubaaqudgha
Makhleb
Nemelex Xobeh
Okawaru
Qazlal
Ru
Sif Muna
Trog
Uskayaw
Vehumet
Wu Jian
Xom
Yredelemnul
The Shining One

Portals:
Abyss: D:7


Innate Abilities, Weirdness & Mutations

You are resistant to torment.
Your stone body is resilient. (AC +6)
You are immune to poison.
You resist negative energy. (rN+)
You are resistant to electric shocks. (rElec)
You can survive without breathing.
You are immune to petrification.
You are immune to miasma.


Message History

Casting: Lee's Rapid Deconstruction (dangerous; 2% risk of failure)
Confirm with . or Enter, or press ? or * to list all spells.
Aiming: Stone Arrow (dangerous; 3% risk of failure)
Press: ? - help, Shift-Dir - straight line, f - white imp
Aim: a white imp (29% to evade)
The stone arrow hits the white imp!
You kill the white imp!
Sif Muna accepts your kill.
HP restored.
You now have 456 gold pieces (gained 25).
b - 35 stones (gained 4)
Found a plate armour.
A lich comes into view.
The lich shouts!
The lich points at you and mumbles some strange words.
The bolt of acid hits you!!!
Ouch! That really hurt!
* * * LOW HITPOINT WARNING * * *
You are splashed with acid!
You die...

.# .... # ... . .##
.### .. .#
..........##..#.#.#.
#.##.# ...#∩...∩.#.##
.#.#..##...#........#
...#..#..# ........ #
. ....#.## #.##.#..
.# ...##.L.#.#. #...#
.#
#.....#.##.####.@#.#
#.....#..###L..#..#
.L#####.....#...##
.### ####..###.## ..#
#.##.#### . ..#.# .
.# . .#..L # .# .#
##.. .. .. ##
.#..###$.


You could see a lich.

Vanquished Creatures
  The ghost of Zeld the Cruncher, a novice OpGl of Wu Jian (D:7)
  An ancient zyme (D:7)
  A wyvern (D:7)
  Sigmund (D:2)
  A small abomination (D:7)
  A water moccasin (D:6)
  Duvessa (D:7)
  A sky beast (D:5)
  A phantom (D:6)
  2 ogres
  3 centaurs
  A gnoll sergeant (D:7)
  Dowan (D:7)
  2 scorpions
  A water moccasin skeleton (D:6)
  4 wights (D:7)
  The ghost of buriedalive the Chiller, a weakling DEIE (D:3)
  A quasit (D:6)
  3 orc priests (D:6)
  A hound (D:7)
  3 iguanas (D:6)
  8 worker ants
  2 orc wizards (D:6)
  2 worker ant zombies
  3 gnolls (D:7)
  4 adders
  A white imp (Abyss:1)
  3 ufetubi
  An ooze (D:2)
  An adder skeleton (D:4)
  2 worms (D:4)
  A dart slug (D:3)
  A leopard gecko (D:3)
  5 orcs
  2 ball pythons
  6 bats
  4 giant cockroaches
  4 goblins
  6 hobgoblins
  9 jackals
  4 frilled lizards
  A jackal zombie (D:5)
  5 kobolds
  6 rats
113 creatures vanquished.

Notes
Turn   | Place    | Note
-------+----------+-------------------------------------------
     0 | D:1      | Zeld the Gargoyle Earth Elementalist began the quest for
                  | the Orb.
     0 | D:1      | Reached XP level 1. HP: 10/10 MP: 3/3
   382 | D:1      | Reached skill level 4 in Earth Magic
   382 | D:1      | Reached XP level 2. HP: 15/15 MP: 3/5
   385 | D:1      | Learned a level 2 spell: Passwall
   873 | D:1      | Reached XP level 3. HP: 6/19 MP: 0/6
   877 | D:1      | Learned a level 3 spell: Stone Arrow
  1766 | D:2      | Found a shadowy altar of Dithmenos.
  2192 | D:2      | Noticed Sigmund
  2209 | D:2      | Killed Sigmund
  2210 | D:2      | Reached skill level 5 in Earth Magic
  2210 | D:2      | Reached XP level 4. HP: 17/24 MP: 0/8
  2210 | D:2      | Reached XP level 5. HP: 20/28 MP: 0/9
  2215 | D:2      | Learned a level 4 spell: Petrify
  2956 | D:3      | Reached skill level 6 in Earth Magic
  2990 | D:3      | Found a large runed translucent door.
  2999 | D:3      | Noticed buriedalive's ghost (weakling DEIE)
  3000 | D:3      | Found a large runed translucent door.
  3361 | D:4      | Reached XP level 6. HP: 32/32 MP: 5/10
  3972 | D:4      | Found a staircase to the Ecumenical Temple.
  4071 | Temple   | Entered the Ecumenical Temple
  4092 | Temple   | Became a worshipper of Sif Muna the Loreminder
  4464 | D:3      | Killed buriedalive's ghost
  4563 | D:5      | Entered Level 5 of the Dungeon
  4563 | D:5      | Noticed a sky beast
  4599 | D:5      | Killed a sky beast
  4600 | D:5      | Reached skill level 7 in Earth Magic
  4600 | D:5      | Reached XP level 7. HP: 36/36 MP: 4/12
  5515 | D:6      | Found a broken altar of Ashenzari.
  5782 | D:6      | Reached * piety under Sif Muna
  5783 | D:6      | Reached skill level 8 in Earth Magic
  5810 | D:6      | Reached XP level 8. HP: 31/41 MP: 0/14
  5833 | D:6      | Learned a level 5 spell: Lee's Rapid Deconstruction
  6356 | D:6      | Reached skill level 9 in Earth Magic
  6931 | D:7      | Reached skill level 5 in Spellcasting
  7224 | D:7      | Noticed Dowan
  7226 | D:7      | Noticed Duvessa
  7241 | D:7      | Killed Duvessa
  7256 | D:7      | Killed Dowan
  7257 | D:7      | Reached skill level 10 in Earth Magic
  7490 | D:7      | Noticed a wyvern
  7493 | D:7      | Killed a wyvern
  7494 | D:7      | Reached XP level 9. HP: 45/45 MP: 7/17
  7595 | D:7      | Reached skill level 5 in Dodging
  7826 | D:7      | Noticed an ancient zyme
  7833 | D:7      | Found a shadowy altar of Dithmenos.
  8240 | D:7      | Found a transporter.
  8241 | D:7      | Found a one-way gate to the infinite horrors of the Abyss.
  8241 | D:7      | Noticed Zeld's ghost (novice OpGl)
  8244 | D:7      | Found a transporter.
  8284 | D:7      | Noticed a green ugly thing
  8284 | D:7      | Identified the +7 spear "Qeschal" {distort, rN+ Int+5}
  9109 | D:7      | Killed an ancient zyme
  9110 | D:7      | Reached skill level 11 in Earth Magic
  9542 | D:7      | HP: 2/45 [Zeld's ghost (6)]
 10026 | D:7      | Found a shadowy altar of Dithmenos.
 10037 | D:7      | Found a transporter.
 10038 | D:7      | Found a one-way gate to the infinite horrors of the Abyss.
 10041 | D:7      | Found a transporter.
 10084 | D:7      | Killed Zeld's ghost
 10834 | D:7      | Cast into level 1 of the Abyss (gnoll sergeant)
 10924 | Abyss:1  | Noticed a lich
 10942 | Abyss:1  | HP: 1/45 [lich/bolt of acid (44)]
 10942 | Abyss:1  | Splashed by a lich's acid

Illustrated notes

Levels and vault maps discovered:
D:1:      psy_arrival_spokes, layout_basic
D:2:      layout_loops_ring, serial_aquarium, aquarium_bridge_island_small
          [aquarium_subvault_small_water, aquarium_subvault_bridge,
          aquarium_subvault_wall, aquarium_subvault_wall,
          aquarium_subvault_bridge], aquarium_bridge_square
          [aquarium_subvault_bridge, aquarium_subvault_bridge,
          aquarium_subvault_bridge, aquarium_subvault_balcony],
          aquarium_window_2, aquarium_window_3, aquarium_view_2c,
          aquarium_view_2e, aquarium_balcony_5a, minmay_misc_feat_cross,
          nicolae_dithmenos_through_a_glass_darkly, uniq_sigmund
D:3:      layout_rooms, ebering_ghost_disaster_area
D:4:      layout_basic, minmay_temple_entry_fiery
D:5:      layout_rooms
D:6:      layout_gridville, basic_altar
D:7:      layout_loops_corners, gammafunk_ghost_abyssal_escape, basic_altar,
          uniq_duvessa
Temple:   grunt_wide_crystal_templ
Abyss:1:  base:
Temple

Skill      XL: |  1  2  3  4  5  6  7  8  9 |
---------------+----------------------------+-----
Earth Magic    | 4 5 6 7 8 10 11 | 11.6
Dodging        | 2 3 4 5 |  5.8
Spellcasting   | 3 4 5 6 |  6.4
Stealth        | |  2.1
Transmutations | |  0.7

Action                   |  1- 3 |  4- 6 |  7- 9 || total
-------------------------+-------+-------+-------++-------
Melee: Unarmed           |    30 |       |    82 ||   112
 Cast: Sandblast         |    54 |    34 |    61 ||   149
       Stone Arrow       |     1 |     4 |    78 ||    83
       Lee's Rapid Decon |       |       |     1 ||     1
  Use: Scroll            |       |       |     4 ||     4
Armor: Robe              |    23 |     6 |    72 ||   101
Dodge: Dodged            |    60 |    14 |   143 ||   217
